 Dungeon Crawl Stone Soup version 0.31.0-32-g396128a36d (webtiles) character file.

Game seed: 15941308726468731812

77 spaghetti the Ruffian (level 4, -10/63 HPs)
             Began as a Naga Berserker on Mar 22, 2024.
             Was a Believer of Trog.
             Mangled by Blork the orc
             ... wielding a +5 dire flail of holy wrath
              (21 damage)
             ... on level 4 of the Dungeon.
             The game lasted 00:02:14 (2387 turns).

spaghetti the Ruffian (Naga Berserker)              Turns: 2387, Time: 00:02:15

Health: -10/63     AC:  3    Str: 19    XL:     4   Next: 34%
Magic:  4/4        EV: 10    Int:  7    God:    Trog [**....]
Gold:   147        SH:  0    Dex: 13    Spells: 3/3 levels left

rFire   . . .        i - +0 dagger (venom)
rCold   . . .        (no shield)
rNeg    + . .        a - +0 animal skin
rPois   +            (no helmet)
rElec   .            (no cloak)
rCorr   .            g - +0 pair of gloves
SInv    +            (no barding)
Will    .....        (no amulet) Stlth
                     f - ring of positive energy
HPRegen 0.30/turn    (no ring)
MPRegen 0.09/turn

%: no passive effects
@: berserking, short of breath, quick
A: AC +1, large, see invisible, deformed body, poison resistance, slowness 2,
spit poison 1, naga tail 1
a: Spit Poison, Renounce Religion, Berserk, Trog's Hand


You were on level 4 of the Dungeon.
You worshipped Trog.
Trog was pleased with you.
You visited 1 branch of the dungeon, and saw 4 of its levels.

You collected 186 gold pieces.
You spent 39 gold pieces at shops.

Inventory:

Hand Weapons
 i - a +0 dagger of venom (weapon)
Armour
 a - a +0 animal skin (worn)
 g - a +0 pair of gloves (worn)
Jewellery
 f - a ring of positive energy (left hand)
Scrolls
 k - a scroll of vulnerability
Potions
 c - 3 potions of heal wounds {unknown}
 d - 4 potions of curing
 e - 2 potions of resistance {unknown}
 h - 2 potions of mutation {unknown}
 j - a potion of invisibility {unknown}


   Skills:
 + Level 3.4 Fighting
 + Level 2.1 Armour
 + Level 2.1 Dodging
 + Level 0.4 Stealth
 - Level 3.9 Unarmed Combat


You had 3 spell levels left.
You didn't know any spells.
Your spell library was empty.

Dungeon Overview and Level Annotations

Branches:
Dungeon (4/15)
 Temple: D:4-7

Altars:
Dithmenos
Zin

Shops:
D:2 !

Annotations:
D:4 Blork the orc


Innate Abilities, Weirdness & Mutations

Your serpentine skin is tough. (AC +1)
You have supernaturally acute eyesight. (SInv)
Armour fits poorly on your strangely shaped body.
Your system is resistant to poisons. (rPois)
You cover ground very slowly.
You can spit poison.
You have a snake-like lower body.


Message History

The helpless Blork the orc fails to defend himself.
You hit Blork the orc.
Blork the orc is lightly wounded.
Blork the orc hits you with a +5 dire flail of holy wrath!
You hit Blork the orc but do no damage.
Blork the orc is poisoned.
Blork the orc is lightly wounded.
Blork the orc hits you with a +5 dire flail of holy wrath!
You are too injured to fight recklessly!
You are too injured to fight recklessly!
You are too injured to fight recklessly!
You are too injured to fight recklessly!
You are too injured to fight recklessly!
You are too injured to fight recklessly!
You are too injured to fight recklessly!
You are too injured to fight recklessly!
You are too injured to fight recklessly!
You are too injured to fight recklessly!
You are too injured to fight recklessly!
You are too injured to fight recklessly!
You are too injured to fight recklessly!
You are too injured to fight recklessly!
Aiming: Spit Poison (1% risk of failure)
Press: ? - help, Shift-Dir - straight line, f - Blork the orc
Aim: Blork the orc, wielding a +5 dire flail of holy wrath and wearing a +1 robe of resistance (lightly wounded, very poisoned, 65% to hit)
The splash of poison hits Blork the orc!
Blork the orc looks even sicker.
Blork the orc is moderately wounded.
Blork the orc points at you and mumbles some strange words.
The magic dart hits you!
Unknown command.
You feel better.
Blork the orc hits you with a +5 dire flail of holy wrath!
* * * LOW HITPOINT WARNING * * *
Okay, then.
You aren't carrying any items that you can evoke.
A red film seems to cover your vision as you go berserk!
You feel yourself moving faster!
You feel mighty!
The endoplasm quivers.
Blork the orc hits you with a +5 dire flail of holy wrath!!
You die...

... ##.....
....## .......
....#.##......
............# .
.=..........#..
#...........$..
#..............
#..@....#
#...o...#
..........#
............#
.........####
..#......# .
##...J.#
#......


You could see Blork the orc (very poisoned) and an endoplasm.

Vanquished Creatures
  2 adders
  4 dart slugs
  3 ribbon worms
  4 bats
  5 endoplasms
  2 giant cockroaches
  6 goblins
  4 hobgoblins
  3 quokkas
  2 ball pythons (D:1)
  3 frilled lizards
  A kobold (D:1)
  4 rats
43 creatures vanquished.

Notes
Turn   | Place    | Note
-------+----------+-------------------------------------------
     0 | D:1      | spaghetti the Naga Berserker began the quest for the Orb.
     0 | D:1      | Reached XP level 1. HP: 21/21 MP: 1/1
    83 | D:1      | Reached XP level 2. HP: 28/28 MP: 2/2
   490 | D:1      | Reached XP level 3. HP: 24/34 MP: 3/3
   661 | D:1      | You fall into a shaft and drop 1 floor!
   787 | D:2      | Found Lexon's Distillery.
   798 | D:2      | Bought a potion of curing for 39 gold pieces
   853 | D:2      | Reached ** piety under Trog
   902 | D:2      | Found a glowing silver altar of Zin.
  1621 | D:3      | Reached XP level 4. HP: 33/42 MP: 4/4
  1754 | D:3      | Found a shadowy altar of Dithmenos.
  1805 | D:3      | Found a faded altar of an unknown god.
  2382 | D:4      | Noticed Blork the orc
  2387 | D:4      | Mangled by Blork the orc

Illustrated notes

Levels and vault maps discovered:
D:1:      sevenhm_arrival_forest_fort_small_6, layout_basic
D:2:      minmay_spotlight, layout_loops_ring, basic_altar, serial_shops,
          shop_fountains
D:3:      layout_loops_cross, nicolae_dithmenos_the_darkroom,
          basic_ecumenical_altar
D:4:      layout_cave_pools, lemuel_doored_altar, hangedman_minor_gate_pass,
          uniq_crazy_yiuf_cottage, uniq_blork_the_orc, uniq_menkaure

Skill      XL: |  1  2  3 |
---------------+----------+-----
Armour         | 2 |  2.1
Dodging        | 2 |  2.1
Fighting       | |  3.4
Stealth        | |  0.4
Unarmed Combat | |  3.9

Action                     |  1- 3 |  4- 6 || total
---------------------------+-------+-------++-------
  Melee: Unarmed           |   114 |    12 ||   126
         Punch             |     2 |     1 ||     3
         Dagger            |       |    24 ||    24
 Invoke: Berserk           |       |     1 ||     1
Ability: Spit Poison       |       |     1 ||     1
    Use: Scroll            |     5 |     1 ||     6
         Potion            |       |     1 ||     1
   Stab: Sleeping          |       |     2 ||     2
 Armour: Animal skin       |    82 |    24 ||   106
  Dodge: Dodged            |    57 |    16 ||    73
